AoeStats
← Lord_Wilfredo

Arena

508376479Analyzed
4v4 RM · 11d ago on Sep 22, 2026· 58m 53s· 8 players
Game mode
Random Map
Map size
Large (8 player)
Population
200
Speed
Normal
Resources
Standard
Victory
Conquest
Starting age
Dark Age
Ending age
Imperial Age
RankedLock teamsTeams togetherTeam positionsShared explorationLock speedFull tech treeHidden civsTurbo modeCheats
Victory
Defeat
🇧🇷 Cumans · Brazil
1386
+13
🇩🇪 Lithuanians · Germany
1364
+14
🇵🇪 Tatars · Peru
1352
+15
🇦🇷 Mongols · Argentina
1334
+15
🇧🇩 Turks · Bangladesh
1373
-16
🇨🇳 Hindustanis · China
1330
-15
🇭🇰 Britons · Hong Kong SAR China
1324
-14
🇨🇳 Slavs · China
1260
-12
2110316511
9:55 Feudal Age
14:02 Castle Age
12:44 Double-Bit Axe
15:02 Loom
20:29 Wheelbarrow
19:59 Horse Collar
22:16 Hand Cart
23:51 Bow Saw
27:53 Imperial Age
25:14 Gold Mining
26:03 Scale Barding Armor
26:09 Forging
26:41 Heavy Plow
27:20 Gold Shaft Mining
26:35 Stone Mining
27:09 Chain Barding Armor
27:01 Bloodlines
26:51 Husbandry
27:35 Town Watch
28:28 Iron Casting
27:59 Heavy Camel Rider
30:30 Plate Barding Armor
30:56 Blast Furnace
29:48 Imperial Camel Rider
32:11 Conscription
31:54 Grand Trunk Road
33:05 Chemistry
32:45 Padded Archer Armor
33:53 Two-Man Saw
33:24 Siege Elephant
36:04 Light Cavalry
37:06 Hussar
38:34 Shatagni
42:31 Caravan
53:15 Leather Archer Armor
慌狂的鼹鼠
10:44 Feudal Age
15:01 Castle Age
13:31 Double-Bit Axe
14:19 Horse Collar
15:38 Loom
18:01 Bow Saw
20:45 Heavy Plow
22:20 Gold Mining
22:38 Padded Archer Armor
26:24 Imperial Age
25:24 Fletching
27:24 Wheelbarrow
27:27 Bodkin Arrow
27:48 Leather Archer Armor
32:03 Ballistics
32:44 Chemistry
31:34 Pikeman
32:15 Squires
33:05 Conscription
34:48 Bracer
35:19 Ring Archer Armor
35:49 Scale Mail Armor
35:59 Forging
36:11 Halberdier
36:37 Arson
37:55 Chain Mail Armor
37:06 Elite Skirmisher
37:23 Man-at-Arms
37:48 Gambesons
39:36 Iron Casting
38:52 Long Swordsman
42:44 Plate Mail Armor
43:14 Blast Furnace
Gunslinger
10:56 Feudal Age
11:38 Double-Bit Axe
15:25 Castle Age
16:37 Horse Collar
20:00 Wheelbarrow
20:37 Loom
24:05 Fletching
24:15 Padded Archer Armor
25:01 Hand Cart
24:49 Gold Mining
26:14 Stone Mining
27:33 Gold Shaft Mining
28:14 Heavy Plow
32:44 Imperial Age
31:11 Bodkin Arrow
31:31 Leather Archer Armor
31:39 Ballistics
32:52 Heavy Cavalry Archer
33:37 Bracer
34:08 Ring Archer Armor
33:51 Bow Saw
34:09 Bombard Tower
35:26 Parthian Tactics
35:08 Thumb Ring
39:01 Artillery
46:21 Scale Barding Armor
46:27 Forging
50:20 Chain Barding Armor
50:36 Iron Casting
56:14 Plate Barding Armor
56:40 Blast Furnace
伐伐伐伐伐木工
10:31 Feudal Age
15:03 Castle Age
12:52 Loom
14:30 Double-Bit Axe
15:54 Horse Collar
21:35 Scale Mail Armor
21:36 Gold Mining
21:41 Man-at-Arms
23:07 Squires
23:17 Long Swordsman
24:04 Pikeman
25:57 Wheelbarrow
30:05 Imperial Age
29:02 Forging
29:33 Scale Barding Armor
30:17 Bloodlines
30:08 Husbandry
31:23 Conscription
32:28 Bow Saw
32:57 Gold Shaft Mining
32:43 Heavy Plow
32:45 Halberdier
34:40 Iron Casting
35:55 Detinets
36:21 Chain Mail Armor
37:10 Two-Man Saw
36:42 Crop Rotation
36:02 Town Watch
41:11 Capped Ram
42:15 Hand Cart
43:44 Blast Furnace
43:15 Plate Mail Armor
45:20 Hoardings
46:19 Druzhina
48:13 Padded Archer Armor
48:04 Fletching
48:39 Elite Skirmisher
50:27 Chemistry
软脚虾3号
10:23 Feudal Age
14:04 Castle Age
12:15 Double-Bit Axe
12:46 Horse Collar
15:55 Bow Saw
20:43 Fervor
22:10 Heavy Plow
22:25 Gold Mining
22:29 Stone Mining
24:36 Wheelbarrow
24:06 Loom
24:49 Town Watch
28:26 Imperial Age
25:51 Town Watch
26:43 Hand Cart
27:33 Stone Shaft Mining
27:49 Scale Barding Armor
27:54 Forging
27:49 Husbandry
28:04 Bloodlines
27:31 Pikeman
28:11 Squires
27:57 Arson
29:24 Chain Barding Armor
28:39 Elite Leitis
29:50 Conscription
29:32 Halberdier
31:03 Plate Barding Armor
31:03 Iron Casting
31:34 Iron Casting
30:59 Scale Mail Armor
32:09 Chemistry
33:08 Two-Man Saw
33:28 Crop Rotation
34:30 Chain Mail Armor
34:07 Fletching
37:51 Bodkin Arrow
37:57 Padded Archer Armor
39:33 Ballistics
39:24 Masonry
39:14 Elite Skirmisher
40:35 Bracer
40:54 Thumb Ring
41:41 Leather Archer Armor
41:57 Tower Shields
42:59 Hoardings
43:31 Ring Archer Armor
48:18 Caravan
51:00 Guilds
El_Macho
10:32 Feudal Age
11:56 Wheelbarrow
12:16 Loom
15:03 Castle Age
13:47 Double-Bit Axe
14:15 Horse Collar
14:28 Gold Mining
17:00 Fletching
21:45 Town Watch
23:35 Bodkin Arrow
29:27 Bow Saw
29:19 Heavy Plow
32:24 Hand Cart
34:54 Imperial Age
33:08 Gold Shaft Mining
32:28 Stone Mining
33:55 Ballistics
34:21 Padded Archer Armor
34:28 Town Patrol
35:23 Bloodlines
35:44 Bracer
36:46 Chemistry
36:37 Heavy Cavalry Archer
37:44 Husbandry
38:30 Crop Rotation
37:33 Pikeman
38:38 Conscription
40:33 Forging
39:51 Capped Ram
42:31 Silk Armor
42:48 Leather Archer Armor
43:51 Halberdier
45:21 Iron Casting
45:37 Squires
46:05 Scale Mail Armor
46:12 Elite Skirmisher
Lord_Wilfredo
10:58 Feudal Age
14:34 Castle Age
12:29 Double-Bit Axe
14:04 Fletching
20:20 Horse Collar
20:52 Bow Saw
22:05 Loom
22:31 Town Watch
27:59 Wheelbarrow
27:36 Bodkin Arrow
28:22 Padded Archer Armor
32:10 Imperial Age
30:39 Hand Cart
31:31 Leather Archer Armor
33:01 Ballistics
33:03 Bracer
34:13 Chemistry
32:36 Capped Ram
34:05 Elite Skirmisher
36:09 Conscription
35:47 Gold Mining
35:47 Stone Mining
36:39 Scale Barding Armor
36:44 Forging
37:59 Thumb Ring
39:50 Chain Barding Armor
40:26 Siege Ram
41:39 Parthian Tactics
46:14 Drill
47:03 Gold Shaft Mining
47:03 Stone Shaft Mining
50:35 Town Patrol
50:40 Heavy Plow
51:11 Bloodlines
51:01 Husbandry
50:22 Light Cavalry
51:48 Heavy Cavalry Archer
56:54 Elite Steppe Lancer
지오구
8:57 Feudal Age
9:33 Double-Bit Axe
9:42 Horse Collar
10:58 Loom
20:44 Castle Age
19:36 Scale Barding Armor
19:57 Forging
20:17 Bloodlines
22:09 Wheelbarrow
21:26 Gold Mining
24:01 Iron Casting
23:48 Chain Barding Armor
26:33 Bow Saw
27:14 Heavy Plow
31:13 Imperial Age
31:17 Cavalier
32:53 Plate Barding Armor
34:01 Blast Furnace
33:47 Ballistics
33:55 Paladin
35:58 Chemistry
40:41 Light Cavalry
41:57 Hussar
50:07 Two-Man Saw
49:41 Crop Rotation
52:44 Caravan
Connection lost

Rejoining the realm…

Still unreachable

The connection could not be restored.

Session expired

The server has moved on; the page needs a fresh start.